 Dungeon Crawl Stone Soup version 0.28-a0-556-gab23d0e057 (webtiles) character file.

Game seed: 4043450401910869265

1612 poseidemic the Covered (level 9, -10/87 HPs)
             Began as a Djinni Berserker on Sept 28, 2021.
             Was an Initiate of Yredelemnul.
             Mangled by a polar bear (11 damage)
             ... created by the rage of Trog
             ... on level 5 of the Dungeon.
             The game lasted 00:17:08 (5873 turns).

poseidemic the Covered (Djinni Berserker)           Turns: 5873, Time: 00:17:09

Health: -10/87     AC: 24    Str: 20 (21) XL:     9   Next: 16%
Gold:   271        EV:  2    Int:  9 (10) God:    Yredelemnul [......] SH:  0 Dex: 11 (12)

rFire   . . .      SeeInvis .   a - +1 hand axe
rCold   . . .      Faith    .   (no shield)
rNeg    + + +      Spirit   .   (armour currently unavailable)
rPois   ∞          Reflect  .   (helmet currently unavailable)
rElec   .          Harm     .   (cloak currently unavailable)
rCorr   .          Rampage  .   (gloves currently unavailable)
Will    .....      NoTele   +   (boots unavailable)
Stlth   +.........              c - amulet of regeneration
HPRegen 1.24/turn               g - +4 ring of evasion
MPRegen 0.00/turn               (no ring)

@: tree-form
A: stationary, stasis, torment immunity, boosted hp, sickness immunity, (fire
resistance 2), (cold vulnerability 1), float, innate caster, hp casting, extra
vitality 1, frail 1, strong 1, MP-powered wands
a: Renounce Religion


You were on level 5 of the Dungeon.
You worshipped Yredelemnul.
Yredelemnul was noncommittal.
You were a tree.
You visited 1 branch of the dungeon, and saw 5 of its levels.

You collected 271 gold pieces.

Inventory:

Hand Weapons
 a - a +1 hand axe (weapon)
Armour
 i - a +0 chain mail (melded)
Jewellery
 c - an amulet of regeneration (around neck)
 g - a +4 ring of evasion (left branch)
Wands
 b - a wand of digging (3)
 f - a wand of acid (2)
Potions
 e - 2 potions of curing
 m - a potion of lignification


   Skills:
 + Level 5.1 Fighting
 - Level 2.4(3.0) Axes
 * Level 2.4(3.0) Maces & Flails
 * Level 6.3 Armour
 - Level 5.0 Dodging
 * Level 4.4 Spellcasting


You had 6 spell levels left.
You knew the following spells:

 Your Spells              Type           Power      Damage    Failure   Level
a - Apportation           Tloc           20%        N/A       4%          1
b - Passwall              Tmut/Erth      8%         N/A       6%          2
c - Spider Form           Tmut/Pois      5%         N/A       12%         3
d - Iskenderun's Mystic   Conj/Tloc      10%        2d4       38%         4
Your spell library was empty.

Dungeon Overview and Level Annotations

Branches:
Dungeon (5/15)
 Temple: D:4-7

Altars:
Yredelemnul


Innate Abilities, Weirdness & Mutations

You are a tree.
Your roots penetrate the ground, keeping you stationary.
You cannot be teleported.
You are immune to unholy pain and torment.
Your maximum health is greatly increased.
Your equipment is partially melded.
You are immune to sickness and miasma.
You are immune to poison.
((Your flesh is very heat resistant. (rF++)))
((You are vulnerable to cold. (rC-)))
You float through the air rather than walking.
You learn spells naturally, not from books.
Your magical power is your life essence.
You have superior vitality. (+4 HP)
You are frail. (-10% HP)
Your muscles are strong. (Str +2)
You expend health (3 HP) to strengthen your wands.


Message History

The polar bear bites you but does no damage.
The polar bear claws you but does no damage. x2
The polar bear bites you! The polar bear claws you. x2
Okay, then.
You closely miss the polar bear.
You hit the polar bear but do no damage.
You hit the black bear. The black bear bites you. The black bear claws you. x2
The polar bear bites you but does no damage.
The polar bear claws you but does no damage. x2
The polar bear bites you but does no damage.
The polar bear claws you. x2; The polar bear bites you!!
The polar bear claws you but does no damage. x2
The polar bear bites you but does no damage.
The polar bear claws you but does no damage. x2
The black bear bites you but does no damage.
The black bear claws you but does no damage. x2
The polar bear rages.
Unknown command.
Okay, then.
As you read the scroll labelled HUMIAQ ZOJEUN, it crumbles to dust.
You cannot blink because you are held in place by your roots.
It was a scroll of blinking.
The black bear bites you.
The black bear claws you but does no damage. x2
The polar bear bites you!
* * * LOW HITPOINT WARNING * * *
The polar bear claws you but does no damage. x2
The polar bear bites you.
* * * LOW HITPOINT WARNING * * *
The polar bear claws you but does no damage. x2
You barely miss the polar bear. You hit the black bear.
You hit the polar bear but do no damage.
The black bear bites you but does no damage.
The black bear claws you but does no damage. x2
The polar bear rages.
The polar bear bites you!
* * * LOW HITPOINT WARNING * * *
The polar bear claws you but does no damage. x2
The polar bear bites you!
You die...
Your body rises from the dead as a mindless zombie.

#.##.################.
#.##.*,,,,<,,,,,,,,,,,
#.##.*,***,****#######
#.##.*,*,,,,,,,#......
#.##.*,,,,,,,,,#.#####
#.##.*,*,*,,,,,#.#
#.##h***,,,,,,,#.#
#.##h###########.#
#.##h♣hh.........#
#.####################
#............†........
######################


You could see 3 polar bears and 2 black bears.

Vanquished Creatures
  Grinder (D:5)
  4 yaks (D:5)
  A black bear (D:4)
  A sky beast (D:5)
  A necrophage (D:5)
  2 scorpions
  A water moccasin zombie (D:3)
  2 hounds
  2 orc priests
  An iguana (D:5)
  2 orc wizards (D:5)
  A hound skeleton (D:3)
  A howler monkey zombie (D:5)
  6 gnolls
  2 adders
  2 ufetubi (D:5)
  2 adder skeletons
  3 dart slugs
  13 orcs
  4 endoplasms
  5 hobgoblins
  7 quokkas
  9 ball pythons
  3 bats
  5 frilled lizards
  9 goblins
  6 kobolds
  17 rats
113 creatures vanquished.

Notes
Turn   | Place    | Note
-------+----------+-------------------------------------------
     0 | D:1      | poseidemic the Djinni Berserker began the quest for the
                  | Orb.
     0 | D:1      | Reached XP level 1. HP: 20/20 MP: 0/0
   380 | D:1      | Reached XP level 2. HP: 25/25 MP: 0/0
   865 | D:1      | Reached XP level 3. HP: 26/30 MP: 0/0
   865 | D:1      | Learned a level 1 spell: Apportation
  1212 | D:2      | Reached skill level 1 in Spellcasting
  1479 | D:2      | Reached XP level 4. HP: 35/35 MP: 0/0
  1486 | D:2      | Reached skill level 3 in Armour
  2085 | D:2      | Reached XP level 5. HP: 39/40 MP: 0/0
  2085 | D:2      | Learned a level 2 spell: Passwall
  2896 | D:3      | Reached XP level 6. HP: 47/47 MP: 0/0
  3506 | D:4      | Found a basalt altar of Yredelemnul.
  3816 | D:4      | Reached skill level 4 in Armour
  3876 | D:4      | Noticed a black bear
  3883 | D:4      | Killed a black bear
  3884 | D:4      | Reached XP level 7. HP: 52/52 MP: 0/0
  3884 | D:4      | Learned a level 3 spell: Spider Form
  4689 | D:5      | Entered Level 5 of the Dungeon
  5149 | D:5      | Noticed Grinder
  5155 | D:5      | Killed Grinder
  5156 | D:5      | Reached skill level 5 in Armour
  5156 | D:5      | Reached XP level 8. HP: 58/58 MP: 0/0
  5177 | D:5      | Noticed a yak
  5177 | D:5      | Noticed a yak
  5177 | D:5      | Noticed a yak
  5177 | D:5      | Noticed a yak
  5179 | D:5      | Gained mutation: You possess an exceptional clarity of
                  | mind. [potion of mutation]
  5188 | D:5      | Killed a yak
  5197 | D:5      | Killed a yak
  5198 | D:5      | Fell from the grace of Trog
  5198 | D:5      | Reached skill level 1 in Maces & Flails
  5205 | D:5      | Killed a yak
  5212 | D:5      | Killed a yak
  5213 | D:5      | Reached skill level 5 in Fighting
  5213 | D:5      | Reached skill level 6 in Armour
  5213 | D:5      | Reached XP level 9. HP: 10/65 MP: 0/0
  5213 | D:5      | Learned a level 4 spell: Iskenderun's Mystic Blast
  5293 | D:4      | Became a worshipper of Yredelemnul the Dark
  5357 | D:5      | Reached skill level 5 in Dodging
  5823 | D:5      | Lost mutation: You possess an exceptional clarity of mind.
                  | [potion of mutation]
  5823 | D:5      | Gained mutation: You are frail. (-10% HP) [potion of
                  | mutation]
  5823 | D:5      | Gained mutation: You expend health (3 HP) to strengthen
                  | your wands. [potion of mutation]
  5823 | D:5      | Gained mutation: Your muscles are strong. (Str +2) [potion
                  | of mutation]
  5869 | D:5      | Noticed a polar bear
  5869 | D:5      | Noticed a polar bear
  5869 | D:5      | Noticed a polar bear
  5873 | D:5      | HP: 1/87 [polar bear[the rage of Trog] (11)]
  5873 | D:5      | Mangled by a polar bear

Illustrated notes

Levels and vault maps discovered:
D:1:      shiori_arrival_oz, layout_basic
D:2:      layout_basic, minmay_rat_gold_closets
D:3:      minmay_spotlight, layout_loops_ring
D:4:      layout_gridville, old_standard_altar, minmay_distorted
D:5:      layout_basic, hangedman_decor_diamond_cutter, uniq_grinder

Skill      XL: |  1  2  3  4  5  6  7  8  9 |
---------------+----------------------------+-----
Spellcasting   | 1 2 3 4 |  4.4
Armour         | 3 4 5 6 |  6.3
Dodging        | 3 4 5 |  5.0
Fighting       | 4 5 |  5.1
Maces & Flails | 2 |  2.4
Axes           | |  2.4

Action                   |  1- 3 |  4- 6 |  7- 9 || total
-------------------------+-------+-------+-------++-------
Melee: Hand axe          |    77 |   140 |   198 ||   415
Invok: Berserk           |     4 |     6 |       ||    10
Evoke: Wand              |       |       |     5 ||     5
  Use: Scroll            |       |     4 |     7 ||    11
       Potion            |       |       |     6 ||     6
 Stab: Sleeping          |     1 |     3 |       ||     4
Armor: Animal skin       |     9 |    20 |     3 ||    32
       Chain mail        |       |       |    75 ||    75
       Skin              |       |       |    29 ||    29
Dodge: Dodged            |    59 |    87 |   117 ||   263

Table legend: (Time is in decaauts)
 A = Elapsed time spent in this place.
 B = Non-inter-level travel time spent in this place.
 C = Inter-level travel time spent in this place.
 D = Time resting spent in this place.
 E = Time spent auto-exploring this place.
 F = Levels seen in this place.
 G = Mean time per level.
                   A        B        C        D        E       F      G
               +--------+--------+--------+--------+--------+-----+--------+
         Total |   6043 |   5662 |    381 |   1455 |   3340 |   5 | 1208.6 |
       Dungeon |   6043 |   5662 |    381 |   1455 |   3340 |   5 | 1208.6 |
               +--------+--------+--------+--------+--------+-----+--------+

Top non-repeatable levels by time:
     D:2: 1496 daAuts
     D:3: 1229 daAuts
     D:5: 1178 daAuts
     D:1: 1073 daAuts
     D:4: 1065 daAuts
